 Dungeon Crawl Stone Soup version 0.14-a0-1192-g192f278 (webtiles) character file.

509 PolkaDot the Grave Robber (level 6, -4/41 HPs)
             Began as a Vampire Necromancer on Nov 30, 2013.
             Slain by Menkaure (21 damage)
             ... on Level 4 of the Dungeon.
             The game lasted 00:18:39 (4863 turns).

PolkaDot the Grave Robber (Vampire Necromancer)     Turns: 4863, Time: 00:18:39

HP  -4/41        AC  3     Str  3      XL: 6   Next: 42%
MP  11/12        EV 12     Int 18      God:
Gold 138         SH  0     Dex 15      Spells:  4 memorised,  1 level left

rFire  . . .     SeeInvis +     k - +2 dagger (venom)
rCold  . . .     Clarity  .     a - +1 robe
rNeg   . . .     Conserve .     (no shield)
rPois  .         rCorr    .     (no helmet)
rElec  .         rRot     .     (no cloak)
SustAb . .       Spirit   .     (no gloves)
rMut   .         Warding  .     (no boots)
Saprov . . .     RndTele  +     (no amulet)
                                l - cursed ring of teleportation
                                o - cursed -4 ring of strength

@: regenerating quickly, slightly resistant to hostile enchantments, stealthy
A: bottle blood, fangs 3, see invisible, unbreathing
a: Bottle Blood, Evoke Teleportation


You were on level 4 of the Dungeon.
You were full.

You visited 1 branch of the dungeon, and saw 4 of its levels.

You collected 138 gold pieces.

Inventory:

Hand weapons
 k - a +2,+2 dagger of venom (weapon)
Armour
 a - a +1 robe (worn)
Scrolls
 c - a scroll of teleportation
 d - 2 scrolls of fog
 e - a scroll of noise
 g - 3 scrolls of identify
 h - a scroll of enchant armour
 p - 2 scrolls of enchant weapon I
 q - a scroll of enchant weapon II
Jewellery
 l - a cursed ring of teleportation (right hand)
 n - an uncursed ring of see invisible
 o - a cursed -4 ring of strength (left hand)
 r - a +3 ring of evasion {unknown}
Potions
 f - a potion of curing
 i - 2 potions of brilliance
 j - 2 potions of paralysis
 m - a potion of heal wounds
Books
 b - a book of Necromancy

   Spells                             Type                      Level
   *Pain                              Necromancy                   1
   *Animate Skeleton                  Necromancy                   1
   Lethal Infusion                    Charms/Necromancy            2
   *Vampiric Draining                 Necromancy                   3
   Regeneration                       Charms/Necromancy            3
   *Animate Dead                      Necromancy                   4
   Control Undead                     Necromancy                   4


   Skills:
 - Level 2.1 Dodging
 - Level 3.0 Stealth
 + Level 2.6 Spellcasting
 * Level 7.9 Necromancy


You had one spell level left.
You knew the following spells:

 Your Spells              Type           Power        Failure   Level  Hunger
a - Pain                  Necr           ####         1%          1    #......
d - Vampiric Draining     Necr           ####......   1%          3    ###....
s - Animate Skeleton      Necr           N/A          1%          1    #......
S - Animate Dead          Necr           N/A          8%          4    #####..


Dungeon Overview and Level Annotations

Branches:
Dungeon (4/16)
 Temple: D:4-7

Altars:
Trog

Shops:
D:4 !

Annotations:
D:4 Menkaure


Innate Abilities, Weirdness & Mutations

Your natural rate of healing is unusually fast.
You can bottle blood from corpses.
You have razor-sharp teeth.*
You have supernaturally acute eyesight.
You can survive without breathing.*


Message History

Fall back!
Drink which item? (? for menu, Esc to quit)
Okay, then.
Okay, then.
Your worm zombie bites Menkaure but does no damage.
What do you say? t - Shout!
Orders for allies: a - Attack new target. r - Retreat! s - Stop attacking. w - Wait here. f - Follow me.
Anything else - Stay silent.
Gang up on whom?
Press: ? - help, Dir - move target cursor, f - Menkaure
Aim: Menkaure (moderately damaged, moving very quickly) Attack!
You hit Menkaure but do no damage.
Menkaure is moderately damaged.
Menkaure hits you!
Ouch! That really hurt!
You die...

......).....##..######.........#
............##..# #..........#
#####################.#........#
................z.....#........#
#.####.####.####.####.#......∩.#
#.#.zzz'..#.#.Z'.'..#.#........#
#.#.z#.#..#.#..#Z#..#.#.....####
#.#+##.#+##.#+##.#+##.#.....#
......z.........@.....#..<..#
#.#+##.#'##.#+##M#+##.#.....####
#.#..#.#..#z#..#.# #.#.#......#
'.'..#.#..+z'Z.#.# .#.#......#
#.####.####.####z####.#.#......#
.............z.....zM.#.#......#
#######################.#......#
...........Z........§.Zz.....<.#
....##...#z####.######zz#......#


You could see Menkaure, a friendly ball python zombie, a friendly worm zombie
and a friendly ogre zombie.

Vanquished Creatures
  An ogre (D:4)
  4 orc wizards (D:3)
  Jessica (D:3)
  4 adders (D:2)
  4 worms
  5 giant geckos
  2 oozes
  10 orcs
  5 ball pythons
  11 bats
  9 goblins
  9 hobgoblins
  5 jackals (D:4)
  A quokka (D:3)
  5 giant cockroaches
  5 giant newts
  A jackal skeleton (D:4)
  8 kobolds
  9 rats
99 creatures vanquished.

Vanquished Creatures (collateral kills)
  A bat zombie (D:1)
  A giant cockroach (D:3)
  A hobgoblin (D:1)
  2 rats (D:2)
  A rat zombie (D:1)
6 creatures vanquished.

Vanquished Creatures (others)
  A worm zombie (D:4)
  A bat skeleton (D:1)
  A bat zombie (D:4)
  A hobgoblin skeleton (D:3)
  3 jackal zombies (D:4)
  A kobold skeleton (D:3)
  An orc skeleton (D:3)
  2 rat skeletons (D:3)
11 creatures vanquished.

Grand Total: 116 creatures vanquished

Notes
Turn   | Place    | Note
--------------------------------------------------------------
     0 | D:1      | PolkaDot, the Vampire Necromancer, began the quest for the Orb.
     0 | D:1      | Reached XP level 1. HP: 13/13 MP: 4/4
    71 | D:1      | Learned a level 1 spell: Animate Skeleton
  1015 | D:1      | Reached XP level 2. HP: 19/19 MP: 3/5
  1141 | D:1      | Reached skill level 5 in Necromancy
  1370 | D:1      | Ladykiller69: HI
  1370 | D:1      | Ladykiller69: HOW ARE YOU
  1370 | D:1      | Ladykiller69: THANKS
  1370 | D:1      | PolkaDot: Hey
  1370 | D:1      | Ladykiller69: SO AM I
  1370 | D:1      | PolkaDot: What?
  1370 | D:1      | PolkaDot: :s
  1370 | D:1      | Ladykiller69: NICE VAMPIRE
  1370 | D:1      | PolkaDot: I was afk >.>
  1370 | D:1      | Ladykiller69: I LIKE VAMPIRES
  1370 | D:1      | PolkaDot: Vp are teh cools
  1370 | D:1      | Ladykiller69: THEY ARE VAMPIRIC DID YOU KNOW THAT?
  1370 | D:1      | PolkaDot: I kinda guessed at some point :p
  2251 | D:2      | Reached XP level 3. HP: 16/24 MP: 1/6
  2633 | D:2      | Reached skill level 6 in Necromancy
  3027 | D:2      | Reached XP level 4. HP: 26/30 MP: 8/8
  3213 | D:3      | Noticed Jessica
  3226 | D:3      | Killed Jessica
  3736 | D:3      | Found a bloodstained altar of Trog.
  3803 | D:3      | Learned a level 3 spell: Vampiric Draining
  3819 | D:3      | Reached XP level 5. HP: 19/35 MP: 2/9
  3825 | D:3      | Reached skill level 7 in Necromancy
  4503 | D:4      | Found Iguax's Distillery.
  4541 | D:4      | Noticed an ogre
  4548 | D:4      | Killed an ogre
  4548 | D:4      | Reached XP level 6. HP: 41/41 MP: 10/12
  4555 | D:4      | Learned a level 4 spell: Animate Dead
  4848 | D:4      | Noticed Menkaure
  4863 | D:4      | Slain by Menkaure

Action                   |  1- 3 |  4- 6 || total
-------------------------+-------+-------++-------
Melee: Unarmed           |    16 |       ||    16
       Dagger            |    30 |   214 ||   244
 Cast: Pain              |    51 |     2 ||    53
       Animate Skeleton  |    10 |     5 ||    15
       Vampiric Draining |       |    13 ||    13
       Animate Dead      |       |     6 ||     6
  Use: Potion            |     1 |     1 ||     2
       Scroll            |       |    11 ||    11
 Stab: Sleeping          |     4 |     7 ||    11
